 Dungeon Crawl Stone Soup version 0.17-a0-2027-gcac42c4 (webtiles) character file.

99 derrpe the Poker (level 4, -23/34 HPs)
             Began as a Merfolk Skald on Oct 11, 2015.
             Was an Initiate of Ashenzari.
             Annihilated by an ogre
             ... wielding a +0 giant club
              (27 damage)
             ... on level 4 of the Dungeon.
             The game lasted 00:05:32 (2768 turns).

derrpe the Poker (Merfolk Skald)                    Turns: 2768, Time: 00:05:32

Health: -23/34     AC:  3    Str: 12    XL:     4   Next: 72%
Magic:  7/7        EV: 12    Int: 12    God:    Ashenzari [......]
Gold:   118        SH:  0    Dex: 13    Spells: 3 memorised, 1 level left

rFire  . . .     SeeInvis .     a - +1 trident
rCold  . . .     Clarity  .     b - +0 leather armour
rNeg   . . .     SustAt   .     (no shield)
rPois  .         Gourm    .     (no helmet)
rElec  .         Spirit   .     (no cloak)
rCorr  .         Warding  .     (no gloves)
rMut   .         Stasis   .     (no boots)
MR     .....                    (no amulet)
Stlth  +.........               (no ring)
                                (no ring)

@: infused (expiring), not resistant to hostile enchantments, very unstealthy
A: change form in water, swift swim
a: Renounce Religion


You were on level 4 of the Dungeon.
You worshipped Ashenzari.
Ashenzari was noncommittal.
You were hungry.

You visited 1 branch of the dungeon, and saw 4 of its levels.

You collected 118 gold pieces.

Inventory:

Hand Weapons
 a - a +1 trident (weapon)
Missiles
 g - 42 stones (quivered)
Armour
 b - a +0 leather armour (worn)
Scrolls
 f - a scroll of enchant weapon
 h - 2 scrolls of recharging {unknown}
 i - a scroll of fear {unknown}
 m - 2 scrolls of noise {unknown}
 n - a scroll of identify {unknown}
 p - a scroll of remove curse
 q - a scroll of teleportation {unknown}
Potions
 e - a potion of haste {unknown}
 o - a potion of brilliance {unknown}
Books
 c - a book of Battle

   Spells                             Type                      Level
   a - Infusion                       Charms                       1
   b - Shroud of Golubria             Charms/Translocation         2
   c - Song of Slaying                Charms                       2
   d - Spectral Weapon                Hexes/Charms                 3
   e - Regeneration                   Charms/Necromancy            3
Comestibles
 d - a bread ration {@e1}
 k - a beef jerky


   Skills:
 + Level 2.9 Fighting
 * Level 5.0 Polearms
 - Level 0.6 Armour
 + Level 2.5 Dodging
 - Level 2.0 Spellcasting
 * Level 4.0 Charms


You had one spell level left.
You knew the following spells:

 Your Spells              Type           Power        Failure   Level  Hunger
a - Infusion              Chrm           ##....       8%          1    ##.....
b - Shroud of Golubria    Chrm/Tloc      #.........   24%         2    ###....
c - Regeneration          Chrm/Necr      #.........   45%         3    ####...


Dungeon Overview and Level Annotations

Branches:
Dungeon (4/15)
 Temple: D:4-7

Altars:
Ashenzari
Kikubaaqudgha
Okawaru
Sif Muna


Message History

You barely miss something. Something hits you.
You barely miss something.
Your magical infusion is running out.
You hear some strange, mumbled words.
A magic dart appears from out of thin air!
The magic dart hits you!
* * * LOW HITPOINT WARNING * * *
Your leather armour prevents you from hitting something.
Something hits you.
* * * LOW HITPOINT WARNING * * *
You barely miss something. Something barely misses you.
Read which item? (? for menu, Esc to quit)
As you read the scroll labeled UMUINOUNNE, it crumbles to dust.
It is a scroll of enchant weapon.
Enchant which weapon? (? for menu, Esc to quit)
Your +0 trident glows red for a moment.
Something hits you.
* * * LOW HITPOINT WARNING * * *
The ogre hits you with a giant club!!
Ouch! That really hurt!
You die...

#### ..# ...
#.# # #.# .#
#######.##.#
#.....o)...#
#.######.#.#
#.){@# #.# #
#...O# #.#
#....# #.#
#.#'## #o.
#.#.# ##$
#.#.# ..
#.#.# .$
#.#.# .>#
#.#..


You could see an ogre.

Vanquished Creatures
  An orc wizard (D:4)
  2 adders
  2 oozes (D:2)
  A worm (D:3)
  4 orcs
  A ball python (D:2)
  6 bats
  A giant cockroach (D:3)
  2 goblins (D:2)
  9 hobgoblins
  A giant newt (D:2)
  4 kobolds
  A quokka (D:2)
  A quokka zombie (D:3)
  4 rats
40 creatures vanquished.

Notes
Turn   | Place    | Note
--------------------------------------------------------------
     0 | D:1      | derrpe the Merfolk Skald began the quest for the Orb.
     0 | D:1      | Reached XP level 1. HP: 16/16 MP: 3/3
    24 | D:1      | You fall through a shaft!
   161 | D:2      | Reached XP level 2. HP: 21/23 MP: 5/5
   386 | D:2      | Reached skill level 4 in Polearms
   646 | D:2      | Found a shattered altar of Ashenzari.
   646 | D:2      | Found a deep blue altar of Sif Muna.
   735 | D:2      | Became a worshipper of Ashenzari the Shackled
   829 | D:2      | Reached XP level 3. HP: 28/28 MP: 6/6
  1156 | D:2      | Learned a level 2 spell: Shroud of Golubria
  1160 | D:2      | Learned a level 3 spell: Regeneration
  1370 | D:3      | Found an ancient bone altar of Kikubaaqudgha.
  1428 | D:3      | Found an iron altar of Okawaru.
  1612 | D:3      | Reached XP level 4. HP: 32/34 MP: 4/7
  1834 | D:3      | Acquired Ashenzari's first power
  1977 | D:3      | Found a faded altar to an unknown god.
  2360 | D:4      | Reached skill level 5 in Polearms
  2762 | D:4      | Noticed an ogre
  2768 | D:4      | Annihilated by an ogre

Vault maps used:
D:1:      scummos_arrival_simple_crosswalls
D:2:      gammafunk_temple_overflow_wave, minmay_strange_pillars
D:3:      old_standard_altar, lemuel_round_altar, ecumenical_altar_2
D:4:      kennysheep_the_goblin_king, kennysheep_mini_moat, temple_statues,
          first_bread, uniq_menkaure

Action                   |  1- 3 |  4- 6 || total
-------------------------+-------+-------++-------
Melee: Spear             |    54 |       ||    54
       Trident           |    50 |    48 ||    98
Throw: Stone             |    21 |     4 ||    25
 Cast: Infusion          |    17 |     7 ||    24
  Use: Potion            |       |     3 ||     3
       Scroll            |       |     1 ||     1
  Eat: Chunk             |     3 |     3 ||     6
